 Dungeon Crawl Stone Soup version 0.31-a0-965-g8a8ce12e04 (webtiles) character file.

Game seed: 9383805390115660927

55 LadyBoffin the Grave Robber (level 3, -1/27 HPs)
             Began as a Ghoul Necromancer on Oct 26, 2023.
             Slain by a sleepcap (8 damage)
             ... on level 2 of the Dungeon.
             The game lasted 00:06:08 (1386 turns).

LadyBoffin the Grave Robber (Ghoul Necromancer)     Turns: 1386, Time: 00:06:08

Health: -1/27      AC:  3    Str: 11    XL:     3   Next: 93%
Magic:  3/5        EV: 12    Int: 12    God:
Gold:   21         SH:  0    Dex:  9    Spells: 5/6 levels left

rFire   + . .        (no weapon)
rCold   + + .        (no shield)
rNeg    + + +        a - +0 robe
rPois   ∞            (no helmet)
rElec   +            (no cloak)
rCorr   +            e - +0 pair of gloves
SInv    .            (no boots)
Will    .....        (no amulet)
Stlth   ++           (no ring)
HPRegen 0.00/turn    (no ring)
MPRegen 0.09/turn

%: no passive effects
@: resistant, inhibited regen
A: claws 1, cold resistance 1, negative energy resistance 3, inhibited
regeneration, torment resistance 2, devour on kill
a: no special abilities


You were on level 2 of the Dungeon.
You visited 1 branch of the dungeon, and saw 2 of its levels.

You collected 21 gold pieces.

Inventory:

Hand Weapons
 f - a +0 mace of holy wrath
Armour
 a - a +0 robe (worn)
 e - a +0 pair of gloves (worn)
Scrolls
 g - a scroll of identify {unknown}
Potions
 b - a potion of magic
 i - a potion of cancellation {unknown}


   Skills:
 + Level 0.5 Fighting
 + Level 2.0 Dodging
 + Level 2.4 Stealth
 + Level 0.5 Unarmed Combat
 + Level 2.4 Spellcasting
 + Level 4.6 Necromancy


You had 5 spell levels left.
You knew the following spells:

 Your Spells              Type           Power      Damage    Failure   Level
a - Necrotise             Necr           48%        1d6       4%          1

Your spell library contained the following spells:

 Spells                   Type           Power      Damage    Failure   Level
 Vampiric Draining        Necr           12%        2d6       12%         3
 Animate Dead             Necr           12%        N/A       36%         4
 Agony                    Necr           12%        N/A       73%         5


Dungeon Overview and Level Annotations

Branches:
Dungeon (2/15)

Altars:


Innate Abilities, Weirdness & Mutations

You are immune to poison.
You have sharp fingernails.
Your flesh is cold resistant. (rC+)
You are immune to negative energy. (rN+++)
You do not regenerate when monsters are visible.
You are immune to unholy pain and torment.
You thrive by killing the living.


Message History

You hit the sleepcap.
The sleepcap is lightly damaged.
The sleepcap releases spores at you.
You hit the sleepcap.
The sleepcap is moderately damaged.
The sleepcap releases spores at you!
* * * LOW HITPOINT WARNING * * *
You hit the sleepcap but do no damage.
The sleepcap is lightly damaged.
The sleepcap misses you.
You hit the sleepcap but do no damage.
The sleepcap is lightly damaged.
The sleepcap releases spores at you!
* * * LOW HITPOINT WARNING * * *
It was a potion of curing.
You feel better.
The sleepcap releases spores at you but does no damage.
It was a potion of resistance.
You feel protected. The sleepcap releases spores at you.
* * * LOW HITPOINT WARNING * * *
You hit the sleepcap but do no damage.
The sleepcap is lightly damaged.
The sleepcap releases spores at you but does no damage.
You hit the sleepcap but do no damage.
The sleepcap is lightly damaged.
The sleepcap releases spores at you.
* * * LOW HITPOINT WARNING * * *
You hit the sleepcap.
The sleepcap is moderately damaged.
The sleepcap barely misses you.
You hit the sleepcap but do no damage.
The sleepcap is moderately damaged.
The sleepcap closely misses you.
You hit the sleepcap but do no damage.
The sleepcap is moderately damaged.
The sleepcap closely misses you.
You hit the sleepcap but do no damage.
The sleepcap is moderately damaged.
The sleepcap releases spores at you!
You die...

#......# ##...##
##... #.##.#.# ##+##
#.## #.##.#.### #.#
#.##.#.#.#### #.#
#.##....#...# #.#
##.###..#.##.# #.#
#..# ♣.♣♣.##.# . #.
##.♣♣♣♣.♣♣♣♣#.###...#
#..♣♣PP.PP♣♣.@f...#
#.♣♣PP...PP♣♣.###....
#.♣♣P.....P♣♣.# ##
#......⌠......#
##♣♣P.....P♣♣##
♣PP...PP♣ ♣♣PP.PP♣♣
♣♣.♣♣♣ .♣


You could see a sleepcap.

Vanquished Creatures
  An adder (D:2)
  A worm (D:2)
  2 dart slugs
  2 ball pythons (D:1)
  4 endoplasms
  3 goblins (D:1)
  4 hobgoblins (D:1)
  4 jackals (D:1)
  2 bats
  A frilled lizard (D:1)
  4 kobolds
  3 rats (D:1)
31 creatures vanquished.

Vanquished Creatures (collateral kills)
  2 dart slugs (D:1)
2 creatures vanquished.

Grand Total: 33 creatures vanquished

Notes
Turn   | Place    | Note
-------+----------+-------------------------------------------
     0 | D:1      | LadyBoffin the Ghoul Necromancer began the quest for the
                  | Orb.
     0 | D:1      | Reached XP level 1. HP: 14/14 MP: 2/2
    86 | D:1      | Reached XP level 2. HP: 22/22 MP: 0/3
   303 | D:1      | Reached XP level 3. HP: 27/27 MP: 2/5
  1378 | D:2      | HP: 1/27 [sleepcap (7)]
  1386 | D:2      | Slain by a sleepcap

Illustrated notes

Levels and vault maps discovered:
D:1:      mainiacjoe_arrival_reflecting_pool, layout_basic
D:2:      layout_loops_corners, basic_altar, serial_forest,
          infiniplex_forest_end_double, infiniplex_forest_clump_curved,
          infiniplex_forest_clump_diagonal, infiniplex_forest_zigzag_1,
          infiniplex_forest_clump_large, infiniplex_forest_fountain,
          infiniplex_forest_clump_large, nicolae_the_louvre

Skill      XL: |  1  2  3 |
---------------+----------+-----
Spellcasting   | 2 |  2.4
Dodging        | 2 |  2.0
Fighting       | |  0.5
Stealth        | |  2.4
Unarmed Combat | |  0.5
Necromancy     | |  4.6

Action                     || total
---------------------------++-------
  Melee: Unarmed           ||    93
         Punch             ||     1
   Cast: Necrotise         ||    50
    Use: Scroll            ||     4
         Potion            ||     2
   Stab: Sleeping          ||     1
 Armour: Robe              ||    84
  Dodge: Dodged            ||   101

Table legend: (Time is in decaauts)
 A = Elapsed time spent in this place.
 B = Non-inter-level travel time spent in this place.
 C = Inter-level travel time spent in this place.
 D = Time resting spent in this place.
 E = Time spent auto-exploring this place.
 F = Levels seen in this place.
 G = Mean time per level.
                   A        B        C        D        E       F      G
               +--------+--------+--------+--------+--------+-----+--------+
         Total |   1384 |   1308 |     76 |    139 |    751 |   2 |  692.0 |
       Dungeon |   1384 |   1308 |     76 |    139 |    751 |   2 |  692.0 |
               +--------+--------+--------+--------+--------+-----+--------+

Top non-repeatable levels by time:
     D:1: 1013 daAuts
     D:2: 371 daAuts
